cohdb
Replays
Latest Replays
All Replays
Popular Replays
Top Player Replays
Match Explorer
How It Works
Community
CoH3 Stats
Reddit
Sign in to upload your games and track your stats! →
Sign in with Steam
Match 41284679
Unlisted
Match 41284679
Overview
Messages
Build Orders
End
Construct Infanterie Kompanie
Selects Breakthrough Battlegroup
Selects Breakthrough Battlegroup
Selects Assault Grenadiers
Grenadier Squad
MG 42 Machine Gun Team
Grenadier Squad
Construct Panzergrenadier Kompanie
GrW 34 Mortar Team
Selects Rapid Production
251 Medium Carrier
Panzergrenadier Squad
Pak 40 Anti-tank Gun Team
水银灯
【嗜血狼族】灵狐魅儿
Earthdog
Hollywood_969
乌拉
Gear-IV-G
ForestJun
listen
0
0
Comments
sign in to comment!
No comments posted yet!